 Dungeon Crawl Stone Soup version 0.30-a0-457-g4b7bca3bfa (webtiles) character file.

Game seed: 13818506425480991145

46 pokeman the Magician (level 3, -6/20 HPs)
             Began as a Deep Elf Hedge Wizard on Dec 13, 2022.
             Mangled by Sigmund
             ... wielding a +0 scythe
              (10 damage)
             ... on level 2 of the Dungeon.
             The game lasted 00:02:31 (1466 turns).

pokeman the Magician (Deep Elf Hedge Wizard)        Turns: 1466, Time: 00:02:32

Health: -6/20      AC:  2    Str:  7    XL:     3   Next: 44%
Magic:  2/11       EV: 12    Int: 20    God:
Gold:   75         SH:  0    Dex: 14    Spells: 4/12 levels left

rFire   . . .      SeeInvis .    f - +0 dagger (drain)
rCold   . . .      Faith    .    (no shield)
rNeg    . . .      Spirit   .    b - +0 robe
rPois   .          Reflect  .    c - +0 hat
rElec   .          Harm     .    (no cloak)
rCorr   .          Rampage  .    (no gloves)
Will    .....                    (no boots)
Stlth   ++........               (no amulet)
HPRegen 0.23/turn                (no ring)
MPRegen 0.12/turn                (no ring)

@: no status effects
A: no striking features
a: no special abilities


You were on level 2 of the Dungeon.
You visited 1 branch of the dungeon, and saw 2 of its levels.

You collected 75 gold pieces.

Inventory:

Hand Weapons
 f - a +0 dagger of draining (weapon)
Armour
 b - a +0 robe (worn)
 c - a +0 hat (worn)
 i - a +0 buckler
Scrolls
 a - a scroll of teleportation {unknown}
 g - a scroll of poison {unknown}
 h - a scroll of noise {unknown}
Potions
 d - a potion of magic
 e - 4 potions of haste {unknown}


   Skills:
 + Level 0.9 Fighting
 + Level 0.9 Armour
 - Level 2.4 Dodging
 - Level 2.4 Stealth
 * Level 5.3 Spellcasting
 + Level 1.8 Conjurations
 - Level 1.1 Summonings
 - Level 1.1 Translocations


You had 4 spell levels left.
You knew the following spells:

 Your Spells              Type           Power      Damage    Failure   Level
a - Magic Dart            Conj           48%        1d5       5%          1
b - Mephitic Cloud        Conj/Pois/Air  7%         N/A       26%         3
c - Call Imp              Summ           9%         N/A       11%         2
d - Blink                 Tloc           18%        N/A       11%         2

Your spell library contained the following spells:

 Spells                   Type           Power      Damage    Failure   Level
 Slow                     Hex            20%        N/A       12%         1
 Cigotuvi's Dreadful Rot  Necr/Pois/Air  10%        N/A       17%         2


Dungeon Overview and Level Annotations

Branches:
Dungeon (2/15)

Altars:
Zin

Annotations:
D:2 Sigmund


Message History

Casting: Magic Dart (safe; 5% risk of failure)
Confirm with . or Enter, or press ? or * to list all spells.
A beastly little devil appears in a puff of flame.
The giant cockroach bites you but does no damage.
Unknown command.
You hit the giant cockroach.
The giant cockroach is severely wounded.
The giant cockroach bites you.
Unknown command.
You swap places.
The giant cockroach misses your crimson imp.
The giant cockroach barely misses your crimson imp.
Your crimson imp blinks!
The giant cockroach bites you but does no damage.
Your crimson imp hits the rat.
The rat dies!
You barely miss the giant cockroach.
The giant cockroach is severely wounded.
The giant cockroach bites you but does no damage.
You hit the giant cockroach but do no damage.
The giant cockroach is severely wounded.
A ball python comes into view.
The giant cockroach bites you. Something hits you!
* * * LOW HITPOINT WARNING * * *
Your crimson imp closely misses the giant cockroach.
Unknown command.
You hit the giant cockroach but do no damage.
The giant cockroach is severely wounded.
The giant cockroach bites you but does no damage.
Your crimson imp barely misses the giant cockroach.
Casting: Call Imp (safe; 11% risk of failure)
Confirm with . or Enter, or press ? or * to list all spells.
Aiming: Magic Dart (safe; 5% risk of failure)
Press: ? - help, Shift-Dir - straight line, f/p - kobold
Aim: a kobold, wielding a +0 short sword (moderately wounded, 100% to hit)
The magic dart hits the giant cockroach but does no damage.
The giant cockroach is severely wounded.
The giant cockroach closely misses you. Something hits you!
Ouch! That really hurt!
You die...

.. ##..# #... .# #.......
##... .## #..##..# .##... ..
#......##. #.K. #.. #.<..#....
#... #.##..#.#..####...
#...>.............
###############.......###...##
#..........#.@BbK.....#...#>..
#............##5......#.######
#........<.####.........#####.
#......<......................
#..........##...#.....##.....#
#..........##.###.........####
#.......>..##.#.............#
#..........#................#
#..........#.........#......#


You could see a giant cockroach (ally target), a bat, a kobold and a friendly
crimson imp (summoned).

Vanquished Creatures
  A dart slug (D:1)
  5 ball pythons (D:1)
  5 bats (D:1)
  5 endoplasms
  2 giant cockroaches (D:1)
  8 goblins
  3 hobgoblins
  3 quokkas (D:1)
  2 kobolds (D:1)
  3 rats
37 creatures vanquished.

Vanquished Creatures (collateral kills)
  A rat (D:2)
1 creature vanquished.

Grand Total: 38 creatures vanquished

Notes
Turn   | Place    | Note
-------+----------+-------------------------------------------
     0 | D:1      | pokeman the Deep Elf Hedge Wizard began the quest for the
                  | Orb.
     0 | D:1      | Reached XP level 1. HP: 10/10 MP: 7/7
   163 | D:1      | Reached XP level 2. HP: 15/15 MP: 4/9
   586 | D:1      | Reached skill level 5 in Spellcasting
   886 | D:1      | Reached XP level 3. HP: 20/20 MP: 11/11
   944 | D:1      | Learned a level 3 spell: Mephitic Cloud
   949 | D:1      | Learned a level 2 spell: Call Imp
   952 | D:1      | Learned a level 2 spell: Blink
  1393 | D:2      | Found a glowing silver altar of Zin.
  1423 | D:2      | Noticed Sigmund
  1466 | D:2      | Mangled by Sigmund

Illustrated notes

Levels and vault maps discovered:
D:1:      nzn_arrival_water_spiral, layout_basic
D:2:      layout_rooms, basic_altar, uniq_sigmund

Skill      XL: |  1  2 |
---------------+-------+-----
Spellcasting   | 5 |  5.3
Fighting       | |  0.9
Armour         | |  0.9
Dodging        | |  2.4
Stealth        | |  2.4
Conjurations   | |  1.8
Summonings     | |  1.1
Translocations | |  1.1

Action                   || total
-------------------------++-------
Melee: Dagger            ||     8
 Cast: Magic Dart        ||    82
       Call Imp          ||     1
 Stab: Sleeping          ||     1
Armor: Robe              ||    12
Dodge: Dodged            ||    18

Table legend: (Time is in decaauts)
 A = Elapsed time spent in this place.
 B = Non-inter-level travel time spent in this place.
 C = Inter-level travel time spent in this place.
 D = Time resting spent in this place.
 E = Time spent auto-exploring this place.
 F = Levels seen in this place.
 G = Mean time per level.
                   A        B        C        D        E       F      G
               +--------+--------+--------+--------+--------+-----+--------+
         Total |   1469 |   1399 |     70 |     42 |   1154 |   2 |  734.5 |
       Dungeon |   1469 |   1399 |     70 |     42 |   1154 |   2 |  734.5 |
               +--------+--------+--------+--------+--------+-----+--------+

Top non-repeatable levels by time:
     D:1: 1249 daAuts
     D:2: 219 daAuts
